 Dungeon Crawl Stone Soup version 0.31-a0-981-geadf994542 (webtiles) character file.

Game seed: 4823826051440868323

40 Dirtsage the Insei (level 3, -6/23 HPs)
             Began as an Octopode Shapeshifter on Oct 31, 2023.
             Mangled by Terence
             ... wielding a +1 heavy mace
              (7 damage)
             ... on level 2 of the Dungeon.
             The game lasted 00:02:52 (1294 turns).

Dirtsage the Insei (Octopode Shapeshifter)          Turns: 1294, Time: 00:02:53

Health: -6/23      AC:  1    Str: 13    XL:     3   Next: 50%
Magic:  3/3        EV: 13    Int: 12    God:
Gold:   94         SH:  0    Dex: 13    Spells: 2/2 levels left

rFire   . .          .
                       - Unarmed
rCold   . . .        (no shield)
rNeg    . . .        (helmet currently unavailable)
rPois   .            (no amulet)
rElec   .            (no ring)
rCorr   .            (no ring)
SInv    .            (no ring)
Will    .....        (no ring)
Stlth   ++           (no ring)
HPRegen 0.23/turn    (no ring)
MPRegen 0.08/turn    (no ring)
                     (no ring)

%: no passive effects
@: beast-form
A: beast (slay +2), almost no armour, amphibious, 8 rings, camouflage 1,
gelatinous body 1, (nimble swimmer 1), tentacles
a: Begin Untransformation


You were on level 2 of the Dungeon.
You were a hulking beast.
You visited 1 branch of the dungeon, and saw 2 of its levels.

You collected 94 gold pieces.

Inventory:

Jewellery
 e - an amulet of faith
Talismans
 b - a beast talisman
 c - a flux talisman
Scrolls
 d - 2 scrolls of blinking {unknown}
 h - a scroll of noise {unknown}
 i - a scroll of teleportation {unknown}
 j - a scroll of enchant armour {unknown}
 k - a scroll of enchant weapon {unknown}
 l - a scroll of poison {unknown}
 m - a scroll of vulnerability {unknown}
 o - a scroll of revelation {unknown}
Potions
 a - 2 potions of lignification
 f - a potion of mutation {unknown}
 g - a potion of curing {unknown}
 n - a potion of resistance {unknown}


   Skills:
 + Level 1.6 Fighting
 - Level 2.0 Dodging
 * Level 3.6 Unarmed Combat
 * Level 3.5 Shapeshifting


You had 2 spell levels left.
You didn't know any spells.
Your spell library was empty.

Dungeon Overview and Level Annotations

Branches:
Dungeon (2/15)

Altars:

Annotations:
D:2 Terence


Innate Abilities, Weirdness & Mutations

You are a hulking beast.
Your limbs bulge with bestial killing power. (Slay +2)
You cannot wear most types of armour.
You are amphibious.
You can wear up to eight rings at the same time.
Your skin changes colour to match your surroundings (Stealth+).
Your rubbery body absorbs attacks. (AC +1, EV +1)
((You are camouflaged when in or above water. (Stealth+)))
You have tentacles for arms and can constrict up to eight enemies at once.


Message History

You take 16 damage, and have 7/23 hp.
MASSIVE DAMAGE!!
You tentacle-slap Terence but do no damage.
You constrict Terence. You completely miss Terence.
Terence is lightly wounded.
You constrict Terence, but do no damage.
Terence misses you. The goblin hits you with a +0 dagger.
* * * LOW HITPOINT WARNING * * *
You take 1 damage, and have 6/23 hp.
You tentacle-slap Terence but do no damage.
You squeeze Terence.
Terence is moderately wounded.
You constrict Terence. The goblin hits you with a +0 dagger.
* * * LOW HITPOINT WARNING * * *
Terence closely misses you.
You take 3 damage, and have 3/23 hp.
You tentacle-slap Terence but do no damage.
Terence is heavily wounded.
You constrict Terence, but do no damage.
Okay, then.
You tentacle-slap Terence but do no damage.
You squeeze Terence.
Terence is severely wounded.
You constrict Terence, but do no damage.
The kobold hits you with a +0 whip.
* * * LOW HITPOINT WARNING * * *
The goblin hits you but does no damage. Terence misses you.
You take 2 damage, and have 2/23 hp.
You tentacle-slap Terence but do no damage.
Terence is severely wounded.
You constrict Terence. The kobold misses you.
The goblin hits you with a +0 dagger.
* * * LOW HITPOINT WARNING * * *
You take 1 damage, and have 1/23 hp.
You tentacle-slap Terence but do no damage.
Terence is severely wounded.
You constrict Terence. The kobold closely misses you.
Terence screams, "I want your blood!" Terence hits you with a +1 heavy mace!
You die...

###...###.########..
### #.......#.# #..
..# #.......#.# #..
..+ +.........# #.>
..# #.......### ###
..# #.......## ..# #
##.......# ..#
....##.......# ..#
......@h.....# ....
......Kg.....# .....
.............# .....
........###### ....
......$.# ........#
###.....# #######


You could see Terence, a goblin and a kobold.

Vanquished Creatures
  3 dart slugs (D:1)
  4 endoplasms (D:1)
  A giant cockroach (D:1)
  A hobgoblin (D:2)
  4 jackals (D:1)
  2 kobolds (D:2)
  2 quokkas (D:1)
  5 ball pythons
  4 bats (D:1)
  A frilled lizard (D:2)
  4 goblins (D:1)
  2 rats (D:2)
33 creatures vanquished.

Notes
Turn   | Place    | Note
-------+----------+-------------------------------------------
     0 | D:1      | Dirtsage the Octopode Shapeshifter began the quest for the
                  | Orb.
     0 | D:1      | Reached XP level 1. HP: 13/13 MP: 1/1
   102 | D:1      | Reached XP level 2. HP: 12/18 MP: 2/2
   450 | D:1      | Reached XP level 3. HP: 23/23 MP: 3/3
  1276 | D:2      | Noticed Terence
  1293 | D:2      | HP: 1/23 [goblin/+0 dagger (1)]
  1294 | D:2      | Mangled by Terence

Illustrated notes

Levels and vault maps discovered:
D:1:      amcnicky_arrival_wind_blow, layout_loops_ring, minmay_box_of_dots
D:2:      layout_basic, minmay_hedge_maze, uniq_terence

Action                     || total
---------------------------++-------
  Melee: Unarmed           ||    66
         Constrict         ||    13
         Tentacles         ||    14
         Punch             ||     2
   Stab: Sleeping          ||     7
 Armour: Skin              ||    19
  Dodge: Dodged            ||    40

Table legend: (Time is in decaauts)
 A = Elapsed time spent in this place.
 B = Non-inter-level travel time spent in this place.
 C = Inter-level travel time spent in this place.
 D = Time resting spent in this place.
 E = Time spent auto-exploring this place.
 F = Levels seen in this place.
 G = Mean time per level.
                   A        B        C        D        E       F      G
               +--------+--------+--------+--------+--------+-----+--------+
         Total |   1290 |   1215 |     75 |     13 |    997 |   2 |  645.0 |
       Dungeon |   1290 |   1215 |     75 |     13 |    997 |   2 |  645.0 |
               +--------+--------+--------+--------+--------+-----+--------+

Top non-repeatable levels by time:
     D:1: 889 daAuts
     D:2: 401 daAuts
